 Dungeon Sprint DCSS version 0.17.1-3-g152610e (webtiles) character file.

40 hexophile the Chopper (level 3, -2/51 HPs)
             Began as a Naga Berserker on Apr 19, 2016.
             Was a Priest of Trog.
             Slain by a fire bat (7 damage)
             ... in the Dungeon (Sprint VII: "The Pits").
             The game lasted 00:00:56 (225 turns).

hexophile the Chopper (Naga Berserker)               Turns: 225, Time: 00:00:56

Health: -2/51      AC:  2    Str: 24    XL:     3   Next: 50%
Magic:  3/3        EV:  9    Int:  8    God:    Trog [***...]
Gold:   0          SH:  0    Dex: 10    Spells: 0 memorised, 2 levels left

rFire  . . .     SeeInvis +     p - +2 hand axe
rCold  . . .     Clarity  .     b - +0 animal skin
rNeg   . . .     SustAt   .     (no shield)
rPois  +         Gourm    .     (no helmet)
rElec  .         Spirit   .     (no cloak)
rCorr  .         Warding  .     (no gloves)
rMut   .         NoTele   +     (no barding)
MR     .....                    (no amulet)
Stlth  ..........               (no ring)
                                (no ring)

@: berserking, quick, not resistant to hostile enchantments, extremely
unstealthy
A: see invisible, deformed body, poison resistance, slowness 2, slow metabolism
1, spit poison 2, AC +1
a: Spit Poison, Berserk, Trog's Hand, Burn Spellbooks, Renounce Religion


You were in the Dungeon.
You worshipped Trog.
Trog was most pleased with you.
You were not hungry.

You visited 1 branch


Innate Abilities, Weirdness & Mutations

You cannot wear boots.
Your serpentine skin is tough (AC +1).
You have supernaturally acute eyesight.
Armour fits poorly on your strangely shaped body.
Your system is resistant to poisons.
You cover ground very slowly.
You have a slow metabolism.
You can spit poison.

Inventory:

Hand Weapons
 p - a +2 hand axe (weapon)
Armour
 b - a +0 animal skin (worn)
Scrolls
 i - a scroll of blinking
 m - 3 scrolls of remove curse
 n - a scroll of summoning
 o - 2 scrolls of vulnerability
Potions
 d - a potion of curing
 e - a potion of heal wounds
 f - a potion of haste
 g - 4 potions of magic
 h - 3 potions of berserk rage
 l - 2 potions of invisibility
Comestibles
 c - 7 chunks of flesh
 j - 40 fruits
 k - 7 meat rations
 r - 8 bread rations


You had 2 spell levels left.
You didn't know any spells.


   Skills:
 - Level 3.0 Fighting
 + Level 7.3 Axes
 - Level 1.5 Armour
 - Level 1.5 Dodging

Dungeon Overview and Level Annotations

Branches:
Dungeon (1/1)

Altars:
Dithmenos
Kikubaaqudgha
Makhleb
Nemelex Xobeh
Ru
Sif Muna
Trog
Xom
Yredelemnul
Zin
The Shining One
Jiyva
Lugonu

Vault maps used:
D:        pitsprint
You       could see a fire bat, an ufetubus, a quokka and 3 jackals.


Message History

You lost 2 HP.
You have now: 29/34 HP.
You miss the jackal. You barely miss the ufetubus.
The jackal barks! x2
You hit the jackal.
The jackal is lightly wounded.
The jackal bites you. x2
The ufetubus barely misses you. The ufetubus hits you.
You lost 4 HP.
You have now: 25/34 HP.
A red film seems to cover your vision as you go berserk!
You feel yourself moving faster!
You feel mighty!
You feel somewhat more hungry. The jackal misses you.
The jackal bites you but does no damage.
The ufetubus barely misses you. The ufetubus hits you. The jackal bites you.
The jackal closely misses you.
You got additional 17 HP.
Restored 5 HP.
You have now: 30/51 HP.
You slash the jackal!
You kill the jackal!
Trog accepts your kill.
You completely miss the jackal.
The jackal is lightly wounded.
You hit the ufetubus.
The ufetubus is heavily wounded.
The ufetubus barely misses you. The ufetubus closely misses you.
The fire bat bites you.
You are engulfed in flames!
* * * LOW HITPOINT WARNING * * *
The jackal bites you but does no damage.
You lost 11 HP.
You have now: 19/51 HP.
You miss the fire bat. You closely miss the jackal.
The jackal is lightly wounded.
You closely miss the ufetubus.
The ufetubus is heavily wounded.
The fire bat bites you.
* * * LOW HITPOINT WARNING * * *
You are engulfed in flames!
* * * LOW HITPOINT WARNING * * *
The ufetubus hits you but does no damage.
The ufetubus barely misses you. The fire bat barely misses you.
You lost 12 HP.
You have now: 7/51 HP.
You slash the fire bat!
The fire bat is moderately wounded.
You barely miss the jackal.
The jackal is lightly wounded.
You closely miss the ufetubus.
The ufetubus is heavily wounded.
The jackal bites you but does no damage.
The ufetubus barely misses you. The ufetubus closely misses you.
The fire bat bites you.
* * * LOW HITPOINT WARNING * * *
You are engulfed in flames!
You die...

Action                   || total
-------------------------++-------
Melee: Hand axe          ||    19
Invok: Berserk           ||     2
 Stab: Sleeping          ||     1

Notes
Turn   | Place    | Note
--------------------------------------------------------------
     0 | D        | hexophile the Naga Berserker began the quest for the Orb.
     0 | D        | Reached XP level 1. HP: 21/21 MP: 1/1
    11 | D        | Noticed a worker ant
    20 | D        | Killed a worker ant
    20 | D        | Reached skill level 6 in Axes
    20 | D        | Reached XP level 2. HP: 12/28 MP: 2/2
    20 | D        | Reached XP level 3. HP: 14/34 MP: 3/3
    47 | D        | Found a sacrificial altar of Ru.
    47 | D        | Found a basalt altar of Yredelemnul.
    47 | D        | Found a shadowy altar of Dithmenos.
    47 | D        | Found a deep blue altar of Sif Muna.
    47 | D        | Found a burning altar of Makhleb.
    47 | D        | Found a shimmering altar of Xom.
    47 | D        | Found an ancient bone altar of Kikubaaqudgha.
    47 | D        | Found a sparkling altar of Nemelex Xobeh.
    50 | D        | Found a bloodstained altar of Trog.
    50 | D        | Found a corrupted altar of Lugonu.
    50 | D        | Found a viscous altar of Jiyva.
    62 | D        | Found a glowing golden altar of the Shining One.
    62 | D        | Found a glowing silver altar of Zin.
   122 | D        | Reached ** piety under Trog
   134 | D        | Reached skill level 7 in Axes
   220 | D        | Noticed a fire bat
   223 | D        | Reached *** piety under Trog
   225 | D        | Slain by a fire bat

Table legend:
 A = Turns spent in this place as a percentage of turns spent in the entire game.
 B = Non-inter-level travel turns spent in this place as a percentage of non-inter-level travel turns spent in the entire game.
 C = Inter-level travel turns spent in this place as a percentage of turns spent in this place.
 D = Turns resting spent in this place as a percentage of non-inter-level travel turns spent in this place.
 E = Turns spent auto-exploring this place as a percentage of non-inter-level travel turns spent in this place.
 F = Non-inter-level travel turns spent in this place divided by the number of levels of this place that you've seen.
                   A       B       C       D       E      F
               +-------+-------+-------+-------+-------+----------------------
         Total | 100.0 | 100.0 |   0.0 |  10.2 |   0.0 |  98.0
       Dungeon | 100.0 | 100.0 |   0.0 |  10.2 |   0.0 |  98.0
               +-------+-------+-------+-------+-------+----------------------

Table legend:
 A = Kills in this place as a percentage of kills in entire the game.
 B = Kills by you in this place as a percentage of kills by you in the entire game.
 C = Kills by friends in this place as a percentage of kills by friends in the entire game.
 D = Other kills in this place as a percentage of other kills in the entire game.
 E = Experience gained in this place as a percentage of experience gained in the entire game.
 F = Experience gained in this place divided by the number of levels of this place that you have seen.
                   A       B       C       D       E      F
               +-------+-------+-------+-------+-------+----------------------
         Total | 100.0 | 100.0 |  -nan |  -nan | 100.0 |  58.0
       Dungeon | 100.0 | 100.0 |  -nan |  -nan | 100.0 |  58.0
               +-------+-------+-------+-------+-------+----------------------

Vanquished Creatures
  A worker ant (D)
  A giant eyeball (D)
  An orc (D)
  A jackal (D)
  A ball python (D)
  A giant gecko (D)
6 creatures vanquished.
